 Dungeon Crawl Stone Soup version 0.30-a0-743-gbfdf073431 (webtiles) character file.

Game seed: 9109202769781937744

82 Gagagargyl the Magician (level 4, -3/24 HPs)
             Began as a Gargoyle Hedge Wizard on Feb 8, 2023.
             Slain by a phantom (6 damage)
             ... on level 2 of the Dungeon.
             The game lasted 00:03:23 (2484 turns).

Gagagargyl the Magician (Gargoyle Hedge Wizard)     Turns: 2484, Time: 00:03:24

Health: -3/24      AC:  5    Str: 14    XL:     4   Next: 43%
Magic:  0/10       EV: 11    Int: 16    God:
Gold:   36         SH:  0    Dex:  9    Spells: 5/11 levels left

rFire   . . .      SeeInvis .    a - +0 dagger
rCold   . . .      Faith    .    j - orb {mayhem}
rNeg    + . .      Spirit   .    b - +0 robe
rPois   ∞          Reflect  .    c - +0 hat
rElec   +          Harm     .    (no cloak)
rCorr   .          Rampage  .    (no gloves)
Will    .....                    (no boots)
Stlth   ++                       (no amulet)
HPRegen 0.24/turn                (no ring)
MPRegen 0.12/turn                (no ring)

@: no status effects
A: sickness immunity, AC +3, negative energy resistance 1, electricity
resistance, torment resistance 1, petrification resistance
a: no special abilities


You were on level 2 of the Dungeon.
You visited 1 branch of the dungeon, and saw 2 of its levels.

You collected 36 gold pieces.

Inventory:

Hand Weapons
 a - a +0 dagger (weapon)
Armour
 b - a +0 robe (worn)
 c - a +0 hat (worn)
 j - an orb of mayhem (worn)
Scrolls
 e - 3 scrolls of poison {unknown}
 f - a scroll of blinking {unknown}
 g - 3 scrolls of identify {unknown}
 i - a scroll of amnesia {unknown}
 k - a scroll of enchant weapon {unknown}
Potions
 d - a potion of magic
 h - a potion of invisibility {unknown}


   Skills:
 - Level 1.6 Dodging
 - Level 2.1 Stealth
 + Level 4.2 Spellcasting
 * Level 2.3 Conjurations
 - Level 0.8 Summonings
 - Level 0.8 Translocations
 * Level 0.7 Air Magic


You had 5 spell levels left.
You knew the following spells:

 Your Spells              Type           Power      Damage    Failure   Level
a - Magic Dart            Conj           44%        1d5       6%          1
b - Blink                 Tloc           12%        N/A       19%         2
c - Mephitic Cloud        Conj/Pois/Air  6%         N/A       32%         3

Your spell library contained the following spells:

 Spells                   Type           Power      Damage    Failure   Level
 Slow                     Hex            12%        N/A       17%         1
 Call Imp                 Summ           6%         N/A       19%         2
 Cigotuvi's Dreadful Rot  Necr/Pois/Air  Unusable   N/A       N/A         2

Dungeon Overview and Level Annotations

Branches:
Dungeon (2/15)

Altars:
Sif Muna


Innate Abilities, Weirdness & Mutations

You are immune to sickness and miasma.
Your stone body is resilient. (AC +3)
You are immune to poison.
You resist negative energy. (rN+)
You are resistant to electric shocks. (rElec)
You are resistant to unholy torment.
You are immune to petrification.


Message History

The magic dart hits the phantom.
The phantom is heavily damaged.
The phantom hits you.
* * * LOW HITPOINT WARNING * * *
Casting: Magic Dart (safe; 6% risk of failure)
Confirm with . or Enter, or press ? or * to list all spells.
You don't have enough magic to cast this spell.
Unknown command.
Casting: Magic Dart (safe; 6% risk of failure)
Confirm with . or Enter, or press ? or * to list all spells.
You don't have enough magic to cast this spell.
Unknown command.
You barely miss the phantom.
The phantom is heavily damaged.
The phantom hits you.
* * * LOW HITPOINT WARNING * * *
You closely miss the phantom.
The phantom is heavily damaged.
The phantom closely misses you.
You closely miss the phantom.
The phantom is heavily damaged.
The phantom barely misses you.
You hit the phantom but do no damage.
The phantom is heavily damaged.
The phantom closely misses you.
You hit the phantom.
The phantom is heavily damaged.
The phantom hits you but does no damage.
You closely miss the phantom.
The phantom is heavily damaged.
The phantom barely misses you.
Casting: Magic Dart (safe; 6% risk of failure)
Confirm with . or Enter, or press ? or * to list all spells.
Aiming: Magic Dart (safe; 6% risk of failure)
Press: ? - help, Shift-Dir - straight line, f/p - phantom
Aim: a phantom (heavily damaged, 100% to hit)
The magic dart hits the phantom.
The phantom is severely damaged.
The phantom hits you.
You die...

#...)......
######.#########
#......)........
#.####..........
#...............
#..###.########.
#..###.##### #.
########.....)....# #.
#....W@........##.# #)
#.######...._.....####.
#...............
#.......#.#####.
#..##.##..# #.
#..##.....# #(
#..####...# #.
##......#.#####. ###
#.####...<.....


You could see a phantom.

Vanquished Creatures
  3 adders (D:2)
  2 dart slugs (D:1)
  7 ball pythons
  3 bats
  5 endoplasms
  4 giant cockroaches
  3 goblins
  2 hobgoblins
  4 jackals (D:1)
  3 quokkas
  4 frilled lizards
  2 kobolds (D:2)
  3 rats
45 creatures vanquished.

Notes
Turn   | Place    | Note
-------+----------+-------------------------------------------
     0 | D:1      | Gagagargyl the Gargoyle Hedge Wizard began the quest for
                  | the Orb.
     0 | D:1      | Reached XP level 1. HP: 10/10 MP: 4/4
   324 | D:1      | Reached XP level 2. HP: 15/15 MP: 3/6
   822 | D:1      | Reached XP level 3. HP: 19/19 MP: 4/8
   825 | D:1      | Learned a level 2 spell: Blink
   829 | D:1      | Learned a level 3 spell: Mephitic Cloud
  1266 | D:2      | Found a shimmering blue altar of Sif Muna.
  1361 | D:2      | Reached skill level 4 in Spellcasting
  1708 | D:2      | Reached XP level 4. HP: 23/24 MP: 0/10
  2447 | D:2      | Noticed a phantom
  2484 | D:2      | Slain by a phantom

Illustrated notes

Levels and vault maps discovered:
D:1:      minmay_arrival_solitary_statue, layout_loops_cross
D:2:      layout_loops_ring, basic_altar, minmay_pentomino_r4

Skill      XL: |  1  2  3 |
---------------+----------+-----
Spellcasting   | 4 |  4.2
Conjurations   | 2 |  2.3
Dodging        | |  1.6
Stealth        | |  2.1
Summonings     | |  0.8
Translocations | |  0.8
Air Magic      | |  0.7

Action                     |  1- 3 |  4- 6 || total
---------------------------+-------+-------++-------
  Melee: Dagger            |    18 |     6 ||    24
   Cast: Magic Dart        |    97 |    47 ||   144
 Armour: Robe              |    19 |     7 ||    26
  Dodge: Dodged            |    22 |    15 ||    37

Table legend: (Time is in decaauts)
 A = Elapsed time spent in this place.
 B = Non-inter-level travel time spent in this place.
 C = Inter-level travel time spent in this place.
 D = Time resting spent in this place.
 E = Time spent auto-exploring this place.
 F = Levels seen in this place.
 G = Mean time per level.
                   A        B        C        D        E       F      G
               +--------+--------+--------+--------+--------+-----+--------+
         Total |   2483 |   2441 |     42 |    421 |   1696 |   2 | 1241.5 |
       Dungeon |   2483 |   2441 |     42 |    421 |   1696 |   2 | 1241.5 |
               +--------+--------+--------+--------+--------+-----+--------+

Top non-repeatable levels by time:
     D:1: 1260 daAuts
     D:2: 1223 daAuts
